 Dungeon Crawl Stone Soup version 0.31-a0-188-g5e087ee2ca (webtiles) character file.

Game seed: 17660162872663421912

207 qw the Skirmisher (level 5, -12/30 HPs)
             Began as a Deep Elf Hunter on June 23, 2023.
             Was an Initiate of Okawaru.
             Mangled by Menkaure (18 damage)
             ... on level 4 of the Dungeon.
             The game lasted 00:01:07 (2533 turns).

qw the Skirmisher (Deep Elf Hunter)                 Turns: 2533, Time: 00:01:07

Health: -12/30     AC: 13    Str: 10    XL:     5   Next: 54%
Magic:  7/7        EV: 11    Int: 14    God:    Okawaru [......]
Gold:   176        SH:  0    Dex: 18    Spells: 4/4 levels left

rFire   . . .        Y - +0 shortbow
rCold   . . .        (shield currently unavailable)
rNeg    . . .        a - +0 ring mail
rPois   +            (no helmet)
rElec   .            k - +2 cloak
rCorr   .            d - +0 pair of gloves
SInv    .            (no boots)
Will    .....        (no amulet)
Stlth   +            l - +4 ring of protection
HPRegen 0.25/turn    i - ring of poison resistance
MPRegen 0.10/turn

%: no passive effects
@: no status effects
A: no striking features
a: Renounce Religion


You were on level 4 of the Dungeon.
You worshipped Okawaru.
Okawaru was noncommittal.
You visited 1 branch of the dungeon, and saw 4 of its levels.

You collected 176 gold pieces.


   Skills:
 + Level 1.6 Fighting
 - Level 9.0 Ranged Weapons
 - Level 2.4 Dodging
 - Level 1.2 Stealth


You had 4 spell levels left.
You didn't know any spells.
Your spell library was empty.

Inventory:

Hand Weapons
 Y - a +0 shortbow (weapon)
Armour
 a - a +0 ring mail (worn)
 d - a +0 pair of gloves (worn)
 j - a +1 pair of gloves
 k - a +2 cloak (worn)
Jewellery
 b - a +6 ring of strength
 c - a ring of protection from fire
 i - a ring of poison resistance (right hand)
 l - a +4 ring of protection (left hand)
Potions
 e - a potion of haste {unknown}
 f - 3 potions of curing
 g - a potion of heal wounds {unknown}
 h - a potion of attraction {unknown}

Dungeon Overview and Level Annotations

Branches:
Dungeon (4/15)
 Temple: D:4-7

Altars:
Dithmenos
Okawaru
Xom

Annotations:
D:4 Menkaure


Message History

Enter note:
Enter note:
Enter note: Done exploring.
(D) Dungeon
Where to? (* - list waypoints, Enter - D:4 @ (x,y), ? - help)
What level of the Dungeon? (default 1, ? - help)
There is a stone staircase leading down here.
You climb downwards.
There is a stone staircase leading up here.
j - a +1 pair of gloves You open the door.
Found a rapier.
Menkaure, Prince of Dust comes into view.
Menkaure shouts!
There is an open door here.
You shoot an arrow. The arrow barely misses Menkaure.
Menkaure mumbles some strange words.
Menkaure seems to speed up.
You shoot an arrow. The arrow hits Menkaure.
Menkaure is lightly damaged.
Menkaure calls on the powers of darkness!
Your body is wracked with pain!
You shoot an arrow. The arrow hits Menkaure.
Menkaure is lightly damaged.
You shoot an arrow. The arrow hits Menkaure.
Menkaure is lightly damaged.
Menkaure gestures at you while chanting.
Pain shoots through your body!
You shoot an arrow. The arrow barely misses Menkaure.
Menkaure barely misses you.
You shoot an arrow. The arrow hits Menkaure.
Menkaure is moderately damaged.
Menkaure hits you. Menkaure closely misses you.
You shoot an arrow.
The arrow hits Menkaure but does no damage.
Menkaure is moderately damaged.
Menkaure hits you!!
Ouch! That really hurt!
You die...

..............#
.#....#"#####.####
.#....#...<......#
####+##...###.##.#
#...###.##.# ###
.....+......#
..........###.########
#######...###.###....#
... +...+.....@....+
### #...###.###M..)#
#.# ....# #.# ....#
#.# ....# #.# ....#
#.# ....# #.# ....#
#.#


You could see Menkaure (fast).

Vanquished Creatures
  8 gnolls
  3 adders
  2 worms (D:2)
  A dart slug (D:3)
  8 orcs (D:3)
  4 endoplasms
  2 giant cockroaches
  5 goblins
  8 hobgoblins
  4 jackals (D:2)
  9 kobolds
  6 quokkas
  8 ball pythons
  3 bats
  5 frilled lizards
  11 rats
87 creatures vanquished.

Notes
Turn   | Place    | Note
-------+----------+-------------------------------------------
     0 | D:1      | qw the Deep Elf Hunter began the quest for the Orb.
     0 | D:1      | Reached XP level 1. HP: 12/12 MP: 3/3
     0 | D:1      | 0 ||| qw: Version: 0.3-a-9-g12657ce
     0 | D:1      | 0 ||| qw: Game counter: 4309
     0 | D:1      | 0 ||| qw: Always use a shield: true
     0 | D:1      | 0 ||| qw: God list: Okawaru
     0 | D:1      | 0 ||| qw: Allow faded altars: false
     0 | D:1      | 0 ||| qw: Do Orc after D:15 true
     0 | D:1      | 0 ||| qw: Do second Lair branch before Depths: true
     0 | D:1      | 0 ||| qw: Lair rune preference: random
     0 | D:1      | 0 ||| qw: Plans: Normal
     0 | D:1      | 0 ||| PLANNING D:1-11
   313 | D:1      | Reached skill level 6 in Ranged Weapons
   313 | D:1      | Reached XP level 2. HP: 11/16 MP: 4/4
   695 | D:1      | 695 ||| UPGRADING to +0 pair of gloves.
   700 | D:1      | 700 ||| UPGRADING to ring of protection from fire.
   701 | D:1      | 701 ||| UPGRADING to ring of poison resistance.
   702 | D:1      | 702 ||| READING scroll labelled SICVIL NUISALOXACK.
   703 | D:1      | 703 ||| DROPPING scroll of butterflies.
   938 | D:2      | Reached XP level 3. HP: 20/20 MP: 5/5
  1022 | D:2      | Reached skill level 7 in Ranged Weapons
  1022 | D:2      | 1022 ||| FLEEEEING.
  1023 | D:2      | 1023 ||| FLEEEEING.
  1024 | D:2      | 1024 ||| FLEEEEING.
  1025 | D:2      | 1025 ||| FLEEEEING.
  1176 | D:2      | Reached XP level 4. HP: 25/25 MP: 6/6
  1573 | D:2      | 1573 ||| UPGRADING to +0 ring mail.
  1583 | D:2      | 1583 ||| DROPPING +0 leather armour.
  1584 | D:2      | 1584 ||| UPGRADING to +2 cloak.
  1589 | D:2      | 1589 ||| READING scroll labelled HENUNI ITUT.
  1590 | D:2      | 1590 ||| READING scroll labelled JUNEZE QURO.
  1620 | D:3      | 1620 ||| STAIRDANCE
  1684 | D:3      | 1684 ||| STAIRDANCE
  1721 | D:3      | 1721 ||| STAIRDANCE
  1800 | D:3      | Reached skill level 8 in Ranged Weapons
  1818 | D:3      | Reached XP level 5. HP: 21/29 MP: 7/7
  1885 | D:3      | Found a shadowy altar of Dithmenos.
  1904 | D:3      | Found an iron altar of Okawaru.
  1905 | D:3      | 1905 ||| PLANNING OKAWARU WORSHIP
  1999 | D:3      | Found a shimmering altar of Xom.
  2000 | D:3      | 2000 ||| UPGRADING to +4 ring of protection.
  2002 | D:3      | 2002 ||| READING scroll labelled TEKOUNTYMN.
  2003 | D:3      | 2003 ||| DRINKING 3 grey potions.
  2004 | D:3      | 2004 ||| DRINKING 3 emerald potions.
  2046 | D:3      | 2046 ||| DROPPING 2 potions of lignification.
  2105 | D:3      | Became a worshipper of Warmaster Okawaru
  2106 | D:3      | 2106 ||| PLANNING D:1-11
  2349 | D:3      | Reached skill level 9 in Ranged Weapons
  2492 | D:4      | 2492 ||| DROPPING amulet of magic regeneration.
  2496 | D:4      | 2496 ||| STAIRDANCE
  2526 | D:4      | Noticed Menkaure
  2532 | D:4      | HP: 6/30 [Menkaure (4)]
  2533 | D:4      | Mangled by Menkaure

Levels and vault maps discovered:
D:1:      moated_graveyard_arrival, layout_basic, minmay_stone_trees_medium
D:2:      minmay_angry_zag, layout_basic, serial_forest,
          infiniplex_forest_lined_ring, infiniplex_forest_lined_2,
          infiniplex_forest_end_3, infiniplex_forest_clump_medium,
          infiniplex_forest_end_double, infiniplex_forest_straight_2,
          infiniplex_forest_lined_4_way, eino_curves_02
D:3:      minmay_bubble_buster, layout_rooms, nicolae_overflow_hidden_temple,
          mainiacjoe_overflow_catwalk_spiral, chequers_serial_rivers_small_3
D:4:      layout_basic, minivault_23, guppyfry_early_lair_pool, uniq_menkaure,
          uniq_edmund

Skill      XL: |  1  2  3  4  5 |
---------------+----------------+-----
Ranged Weapons | 6 7 8 9 |  9.0
Fighting       | |  1.6
Dodging        | |  2.4
Stealth        | |  1.2

Action                     |  1- 3 |  4- 6 || total
---------------------------+-------+-------++-------
   Fire: Shortbow          |   125 |   133 ||   258
    Use: Scroll            |     1 |     3 ||     4
         Potion            |       |     2 ||     2
 Armour: Leather armour    |     6 |       ||     6
         Ring mail         |       |    20 ||    20
  Dodge: Dodged            |    22 |    46 ||    68

Table legend:
 A = Non-vault XP
 B = Vault XP
 C = Vault XP percentage of total XP
 D = Non-vault monster count
 E = Vault monster count
 F = Vault count percentage of total count
                 A         B        C        D         E       F
            +---------+---------+-------+---------+---------+-------
      Total |     221 |      75 |  25.3 |      61 |      26 |  29.9
            +---------+---------+-------+---------+---------+-------
        D:1 |      29 |       0 |   0.0 |      18 |       0 |   0.0
        D:2 |      90 |      12 |  11.8 |      25 |       5 |  16.7
        D:3 |     100 |      63 |  38.7 |      17 |      21 |  55.3
        D:4 |       2 |       0 |   0.0 |       1 |       0 |   0.0
            +---------+---------+-------+---------+---------+-------
